ITL
RICHMOND FLAIRS @ OTSEGO BULLDOGS
10/02/2027
 
TOP OF THE 1ST
Richmond Flairs batting - Pitching for Otsego Bulldogs : LHP Félix García
Pitching: LHP Félix García
Batting: LHB Luis Villa 0-0: Ball
1-0: Ball
2-0: Ball
3-0: Base on Balls
Batting: LHB Dave Gray 0-0: Called Strike
0-1: Ball
1-1: Foul Ball, location: 2F
1-2: Ball
2-2: Strikes out swinging
Batting: RHB R.J. Crosby 0-0: Grounds into double play, 5-4-3 (Groundball, 56)
Top of the 1st over - 0 run(s), 0 hit(s), 0 error(s), 0 left on base; Richmond 0 - Otsego 0
BOTTOM OF THE 1ST
Otsego Bulldogs batting - Pitching for Richmond Flairs : RHP Carlos Fernández
Pitching: RHP Carlos Fernández
Batting: RHB Luis Antonio Velásquez 0-0: Called Strike
0-1: Foul Ball, location: 2F
0-2: Strikes out swinging
Batting: RHB Irving Galloway 0-0: Ball
1-0: Fly out, F8 (Flyball, 8LD)
Batting: RHB Jorge Cisneros 0-0: Ball
1-0: Called Strike
1-1: Ball
2-1: Called Strike
2-2: Strikes out swinging
Bottom of the 1st over - 0 run(s), 0 hit(s), 0 error(s), 0 left on base; Richmond 0 - Otsego 0
TOP OF THE 2ND
Richmond Flairs batting - Pitching for Otsego Bulldogs : LHP Félix García
Batting: RHB Elliott Johnston 0-0: Swinging Strike
0-1: Ball
1-1: Ball
2-1: Foul Ball, location: 2F
2-2: DOUBLE (Groundball, 5L)
Batting: RHB Alberto Hernández 0-0: Ball
1-0: Fly out, F8 (Flyball, 8RXD)
Runner from 2nd tags up, SAFE at 3rd, no throw
Now in RF: Manuel Ortega
Batting: SHB Carlos Reyes 0-0: Called Strike
0-1: Ball
1-1: Ground out 5-3 (Groundball, 56S)
Elliott Johnston scores
Batting: RHB Gary Thomas 0-0: Called Strike
0-1: Ball
1-1: Foul Ball, location: 2F
1-2: Foul Ball, location: 2F
1-2: Ball
2-2: Ground out 5-3 (Groundball, 5)
Top of the 2nd over - 1 run(s), 1 hit(s), 0 error(s), 0 left on base; Richmond 1 - Otsego 0
BOTTOM OF THE 2ND
Otsego Bulldogs batting - Pitching for Richmond Flairs : RHP Carlos Fernández
Batting: RHB Jesús Tisnado 0-0: Fly out, F7 (Flyball, 78M)
Batting: RHB Ryosei Yamamoto 0-0: Ground out 6-3 (Groundball, 6S)
Batting: RHB Kyung-bok Cho 0-0: Ball
1-0: Ball
2-0: Ball
3-0: Base on Balls
Batting: RHB Manuel Ortega 0-0: Ball
Pickoff Throw to First - Out!
Bottom of the 2nd over - 0 run(s), 0 hit(s), 0 error(s), 0 left on base; Richmond 1 - Otsego 0
TOP OF THE 3RD
Richmond Flairs batting - Pitching for Otsego Bulldogs : LHP Félix García
Batting: LHB R.J. Courtney 0-0: Foul Ball, location: 2F
0-1: Ball
1-1: SINGLE (Groundball, 34D)
Batting: RHB Ray Yates 0-0: Ball
1-0: Foul Ball, location: 2F
1-1: Ball
2-1: SINGLE (Line Drive, 7S)
R.J. Courtney to second
Batting: LHB Luis Villa 0-0: Ball
1-0: Ball
2-0: Foul Ball, location: 2F
2-1: Called Strike
2-2: Fielders Choice at 2nd, 4-6 (Groundball, 4)
R.J. Courtney to third
Batting: LHB Dave Gray 0-0: Ball
1-0: TRIPLE (Groundball, 3L)
R.J. Courtney scores
Luis Villa scores
Batting: RHB R.J. Crosby 0-0: Called Strike
0-1: Ball
1-1: Foul Ball, location: 2F
1-2: Strikes out swinging
Batting: RHB Elliott Johnston 0-0: Ground out 5-3 (Groundball, 5)
Top of the 3rd over - 2 run(s), 3 hit(s), 0 error(s), 1 left on base; Richmond 3 - Otsego 0
BOTTOM OF THE 3RD
Otsego Bulldogs batting - Pitching for Richmond Flairs : RHP Carlos Fernández
Batting: RHB Manuel Ortega 0-0: Called Strike
0-1: Foul Ball, location: 2F
0-2: Ball
1-2: SINGLE (Flyball, 9S)
Batting: RHB José Martínez 0-0: Ball
1-0: SINGLE (Groundball, 4) (infield hit)
Manuel Ortega to second
Batting: RHB Donald White 0-0: Fielders Choice at 2nd, 1-6 (Groundball, 13S)
Manuel Ortega to third
Batting: RHB Luis Antonio Velásquez 0-0: Called Strike
0-1: Ball
1-1: Swinging Strike
1-2: Foul Ball, location: 2F
1-2: Ball
2-2: Grounds into double play, 4-6-3 (Groundball, 4)
Bottom of the 3rd over - 0 run(s), 2 hit(s), 0 error(s), 1 left on base; Richmond 3 - Otsego 0
TOP OF THE 4TH
Richmond Flairs batting - Pitching for Otsego Bulldogs : LHP Félix García
Batting: RHB Alberto Hernández 0-0: Ball
1-0: Foul Ball, location: 2F
1-1: Ball
2-1: Ground out 4-3 (Groundball, 4MD)
Batting: SHB Carlos Reyes 0-0: Swinging Strike
0-1: Foul Ball, location: 2F
0-2: Ball
1-2: Ground out 6-3 (Groundball, 6)
Batting: RHB Gary Thomas 0-0: Ball
1-0: Foul Ball, location: 2F
1-1: Called Strike
1-2: Ball
2-2: Ball
3-2: Strikes out looking
Top of the 4th over - 0 run(s), 0 hit(s), 0 error(s), 0 left on base; Richmond 3 - Otsego 0
BOTTOM OF THE 4TH
Otsego Bulldogs batting - Pitching for Richmond Flairs : RHP Carlos Fernández
Batting: RHB Irving Galloway 0-0: Ball
1-0: Ball
2-0: Foul Ball, location: 2F
2-1: Ground out 5-3 (Groundball, 5)
Batting: RHB Jorge Cisneros 0-0: Swinging Strike
0-1: Called Strike
0-2: Ball
1-2: Ball
2-2: Strikes out swinging
Batting: RHB Jesús Tisnado 0-0: Swinging Strike
0-1: Swinging Strike
0-2: Ball
1-2: Strikes out swinging
Bottom of the 4th over - 0 run(s), 0 hit(s), 0 error(s), 0 left on base; Richmond 3 - Otsego 0
TOP OF THE 5TH
Richmond Flairs batting - Pitching for Otsego Bulldogs : LHP Félix García
Batting: LHB R.J. Courtney 0-0: Ball
1-0: Ball
2-0: DOUBLE (Flyball, 89XD)
Batting: RHB Ray Yates 0-0: Ball
1-0: Called Strike
1-1: Ball
2-1: Ball
3-1: Foul Ball, location: 2F
3-2: Base on Balls
Batting: LHB Luis Villa 0-0: Ball
1-0: Swinging Strike
1-1: Called Strike
1-2: Strikes out swinging
Batting: LHB Dave Gray 0-0: Ball
1-0: Fly out, F9 (Flyball, 89M)
Batting: RHB R.J. Crosby 0-0: Ball
1-0: Called Strike
1-1: Fielders Choice at 2nd, 6-4 (Groundball, 6)
Top of the 5th over - 0 run(s), 1 hit(s), 0 error(s), 1 left on base; Richmond 3 - Otsego 0
BOTTOM OF THE 5TH
Otsego Bulldogs batting - Pitching for Richmond Flairs : RHP Carlos Fernández
Batting: RHB Ryosei Yamamoto 0-0: Called Strike
0-1: Called Strike
0-2: Ball
1-2: Strikes out swinging
Batting: RHB Kyung-bok Cho 0-0: Ground out 5-3 (Groundball, 56)
Batting: RHB Manuel Ortega 0-0: SINGLE (Groundball, 4MD)
Batting: RHB José Martínez 0-0: Ball
1-0: Called Strike
1-1: Ball
2-1: Swinging Strike
2-2: Ball
3-2: Base on Balls
Manuel Ortega to second
Batting: RHB Donald White 0-0: Called Strike
0-1: Fly out, F4 (Popup, 34)
Bottom of the 5th over - 0 run(s), 1 hit(s), 0 error(s), 2 left on base; Richmond 3 - Otsego 0
TOP OF THE 6TH
Richmond Flairs batting - Pitching for Otsego Bulldogs : LHP Félix García
Batting: RHB Elliott Johnston 0-0: Ball
1-0: Fly out, F3 (Popup, 3L)
Batting: RHB Alberto Hernández 0-0: Ball
1-0: Ball
2-0: Ball
3-0: Called Strike
3-1: Base on Balls
Batting: SHB Carlos Reyes 0-0: Called Strike
0-1: Ground out 5-3 (Groundball, 56S)
Alberto Hernández to second
Pitching: LHP Mario Solíz
Batting: RHB Gary Thomas 0-0: Ground out 6-3 (Groundball, 6)
Top of the 6th over - 0 run(s), 0 hit(s), 0 error(s), 1 left on base; Richmond 3 - Otsego 0
BOTTOM OF THE 6TH
Otsego Bulldogs batting - Pitching for Richmond Flairs : RHP Carlos Fernández
Batting: RHB Luis Antonio Velásquez 0-0: Ball
1-0: Called Strike
1-1: Ground out 5-3 (Groundball, 56)
Batting: RHB Irving Galloway 0-0: Called Strike
0-1: Called Strike
0-2: Ground out 5-3 (Groundball, 56S)
Batting: RHB Jorge Cisneros 0-0: Ball
1-0: Foul Ball, location: 2F
1-1: Foul Ball, location: 2F
1-2: Strikes out swinging
Bottom of the 6th over - 0 run(s), 0 hit(s), 0 error(s), 0 left on base; Richmond 3 - Otsego 0
TOP OF THE 7TH
Richmond Flairs batting - Pitching for Otsego Bulldogs : LHP Mario Solíz
Batting: LHB R.J. Courtney 0-0: Ball
1-0: Foul Ball, location: 2F
1-1: Ball
2-1: Foul Ball, location: 2F
2-2: Ground out 4-3 (Groundball, 4)
Batting: RHB Ray Yates 0-0: Foul Ball, location: 2F
0-1: Swinging Strike
0-2: Strikes out looking
Batting: LHB Luis Villa 0-0: Foul Ball, location: 2F
0-1: Ball
1-1: Called Strike
1-2: Ball
2-2: Foul Ball, location: 2F
2-2: Strikes out looking
Top of the 7th over - 0 run(s), 0 hit(s), 0 error(s), 0 left on base; Richmond 3 - Otsego 0
BOTTOM OF THE 7TH
Otsego Bulldogs batting - Pitching for Richmond Flairs : RHP Carlos Fernández
Batting: RHB Jesús Tisnado 0-0: Ball
1-0: Foul Ball, location: 2F
1-1: Foul Ball, location: 2F
1-2: Strikes out swinging
Batting: RHB Ryosei Yamamoto 0-0: Ball
1-0: SINGLE (Flyball, 9S)
Batting: RHB Kyung-bok Cho 0-0: Called Strike
0-1: Ball
1-1: Ball
2-1: Ball
3-1: Fielders Choice at 2nd, 1-6 (Groundball, 13S)
Batting: RHB Manuel Ortega 0-0: Called Strike
0-1: Foul Ball, location: 2F
0-2: Ground out U3 (Groundball, 3S)
Bottom of the 7th over - 0 run(s), 1 hit(s), 0 error(s), 1 left on base; Richmond 3 - Otsego 0
TOP OF THE 8TH
Richmond Flairs batting - Pitching for Otsego Bulldogs : LHP Mario Solíz
Batting: LHB Dave Gray 0-0: Foul Ball, location: 2F
0-1: Foul Ball, location: 2F
0-2: Foul Ball, location: 2F
0-2: Ball
1-2: Foul Ball, location: 2F
1-2: Foul Ball, location: 2F
1-2: Strikes out swinging
Batting: RHB R.J. Crosby 0-0: Ball
1-0: Called Strike
1-1: Ball
2-1: Ball
3-1: Ground out 5-3 (Groundball, 56)
Batting: RHB Elliott Johnston 0-0: Ball
1-0: Ball
2-0: Ball
3-0: Swinging Strike
3-1: Foul Ball, location: 2F
3-2: Fly out, F7 (Line Drive, 78M)
Top of the 8th over - 0 run(s), 0 hit(s), 0 error(s), 0 left on base; Richmond 3 - Otsego 0
BOTTOM OF THE 8TH
Otsego Bulldogs batting - Pitching for Richmond Flairs : RHP Carlos Fernández
Batting: RHB José Martínez 0-0: Foul Ball, location: 2F
0-1: Fly out, F3 (Popup, 3L)
Batting: RHB Donald White 0-0: Ball
1-0: SOLO HOME RUN (Flyball, 9D), Distance : 364 ft
Batting: RHB Luis Antonio Velásquez 0-0: Called Strike
0-1: Swinging Strike
0-2: Strikes out looking
Batting: RHB Irving Galloway 0-0: Ball
1-0: Swinging Strike
1-1: Ball
2-1: SOLO HOME RUN (Flyball, 8LXD), Distance : 423 ft
Batting: RHB Jorge Cisneros 0-0: Ball
1-0: Swinging Strike
1-1: Foul Ball, location: 2F
1-2: Ground out 5-3 (Groundball, 56S)
Bottom of the 8th over - 2 run(s), 2 hit(s), 0 error(s), 0 left on base; Richmond 3 - Otsego 2
TOP OF THE 9TH
Richmond Flairs batting - Pitching for Otsego Bulldogs : LHP Mario Solíz
Batting: RHB Alberto Hernández 0-0: Called Strike
0-1: Called Strike
0-2: Ball
1-2: Foul Ball, location: 2F
1-2: Strikes out swinging
Batting: SHB Carlos Reyes 0-0: Ball
1-0: Ground out 6-3 (Groundball, 6)
Batting: RHB Gary Thomas 0-0: Ball
1-0: Called Strike
1-1: Swinging Strike
1-2: Ground out 5-3 (Groundball, 56S)
Top of the 9th over - 0 run(s), 0 hit(s), 0 error(s), 0 left on base; Richmond 3 - Otsego 2
BOTTOM OF THE 9TH
Otsego Bulldogs batting - Pitching for Richmond Flairs : RHP Carlos Fernández
Pitching: RHP Alfonso Rodríguez
Now at 2B: Maresuke Yoshida
Now at SS: Freddy Padilla
Now in RF: Adrián Miranda
Batting: RHB Jesús Tisnado 0-0: Ball
1-0: Foul Ball, location: 2F
1-1: Ball
2-1: Foul Ball, location: 2F
2-2: Strikes out looking
Batting: RHB Ryosei Yamamoto 0-0: Ground out 4-3 (Groundball, 4M)
Batting: RHB Kyung-bok Cho 0-0: Called Strike
0-1: Foul Ball, location: 2F
0-2: Ball
1-2: Strikes out swinging
Bottom of the 9th over - 0 run(s), 0 hit(s), 0 error(s), 0 left on base; Richmond 3 - Otsego 2
Thursday, March 30th, 2017 - OOTP Baseball 17.12 Build 75